 Dungeon Crawl Stone Soup version 0.31-a0-851-g7ff8af7976 (webtiles) character file.

Game seed: 13148104931952830075

196 Kurtz the Chopper (level 5, -1/41 HPs)
             Began as a Mummy Delver on Oct 6, 2023.
             Was an Initiate of Gozag.
             Slain by a gnoll bouda
             ... wielding a +0 club
              (3 damage)
             ... on level 4 of the Dungeon.
             The game lasted 00:06:43 (4824 turns).

Kurtz the Chopper (Mummy Delver)                    Turns: 4824, Time: 00:06:43

Health: -1/41      AC:  6    Str: 16    XL:     5   Next: 45%
Magic:  5/5        EV: 11    Int:  9    God:    Gozag
Gold:   321        SH:  5    Dex: 15    Spells: 4/4 levels left

rFire   . . .        a - +0 hand axe
rCold   + + .        (no shield)
rNeg    + + +        e - +0 ring mail
rPois   ∞            o - +0 helmet
rElec   .            (no cloak)
rCorr   .            (no gloves)
SInv    .            (no boots)
Will    .....        r - amulet of reflection
Stlth   ++           j - ring of protection from cold
HPRegen 0.26/turn    k - ring of protection from fire
MPRegen 0.09/turn

%: reflection, faith
@: weakened, gold aura
A: cold resistance 1, negative energy resistance 3, torment resistance 2, heat
vulnerability 1, in touch with death 1, no potions, faith
a: Renounce Religion, Potion Petition, Call Merchant, Bribe Branch


You were on level 4 of the Dungeon.
You worshipped Gozag.
Gozag was aware of your devotion.
You visited 1 branch of the dungeon, and saw 5 of its levels.

You collected 402 gold pieces.
You paid 81 gold pieces to Gozag.

Inventory:

Hand Weapons
 a - a +0 hand axe (weapon)
Missiles
 p - 2 poisoned darts (quivered)
Armour
 b - a +0 leather armour
 e - a +0 ring mail (worn)
 o - a +0 helmet (worn)
 q - a scarf of harm
Jewellery
 j - a ring of protection from cold (left hand)
 k - a ring of protection from fire (right hand)
 m - a ring of ice
 r - an amulet of reflection (around neck)
Wands
 f - a wand of digging (3)
Scrolls
 c - 2 scrolls of fog
 d - 2 scrolls of revelation
 g - 4 scrolls of identify {unknown}
 h - 3 scrolls of blinking {unknown}
 i - a scroll of enchant armour {unknown}
 l - 2 scrolls of teleportation {unknown}
 n - 2 scrolls of vulnerability {unknown}
 s - a scroll of enchant weapon {unknown}
 t - a scroll of amnesia {unknown}
 u - a scroll of fear
 v - a scroll of summoning {unknown}
 w - a scroll of poison {unknown}


   Skills:
 - Level 3.0 Fighting
 * Level 4.8 Axes
 - Level 1.5 Dodging
 - Level 4.1 Stealth


You had 4 spell levels left.
You didn't know any spells.
Your spell library contained the following spells:

 Spells                   Type           Power      Damage    Failure   Level
 Magic Dart               Conj           0%         1d3       61%         1
 Call Imp                 Summ           0%         N/A       75%         2
 Mephitic Cloud           Conj/Pois/Air  0%         N/A       93%         3


Dungeon Overview and Level Annotations

Branches:
Dungeon (5/15)
 Temple: D:4-7

Altars:
Gozag
Kikubaaqudgha


Innate Abilities, Weirdness & Mutations

You are immune to poison.
Your flesh is cold resistant. (rC+)
You are immune to negative energy. (rN+++)
You are immune to unholy pain and torment.
You are vulnerable to heat. (rF-)
You are in touch with the powers of death.
You do not drink.
You have a special connection with the divine. (Faith)


Message History

The gnoll bouda hits you but does no damage.
Unknown command.
You hit the gnoll bouda but do no damage.
The gnoll bouda is heavily wounded.
The gnoll bouda is distracted by your dazzling golden aura.
The gnoll bouda shouts!
You hit the gnoll bouda.
The gnoll bouda is no longer distracted by gold.
The gnoll bouda is heavily wounded.
The gnoll bouda hits you with a +0 club!
* * * LOW HITPOINT WARNING * * *
Unknown command.
You hit the gnoll bouda.
The gnoll bouda is severely wounded.
The gnoll bouda barely misses you.
Unknown command.
You hit the gnoll bouda but do no damage.
The gnoll bouda is severely wounded.
The gnoll bouda prays to its god.
The gnoll bouda is healed somewhat.
Unknown command.
You hit the gnoll bouda.
The gnoll bouda is heavily wounded.
The gnoll bouda hits you but does no damage.
Unknown command.
You hit the gnoll bouda but do no damage.
The gnoll bouda is heavily wounded.
The gnoll bouda barks out a call to the hunt!
You hear a shout!
Unknown command.
You hit the gnoll bouda but do no damage.
The gnoll bouda is heavily wounded.
The gnoll bouda hits you with a +0 club.
* * * LOW HITPOINT WARNING * * *
Okay, then.
You completely miss the gnoll bouda.
The gnoll bouda is heavily wounded.
The gnoll bouda hits you with a +0 club.
You die...
Your body crumbles into a pile of gold.

.......##############.........###
#.............<..................
#.......<........................
#.......)........................
#................................
#................................
#................................
......#'########g$.......###'####
......'...#....#@........#.......
......#...#....#$........#.......
......#...#....'.........#.......
......#...#....#.........#.......
......#...#....#.........#......)
......#...#....#.........#.......
......#...###+##............####.
#######...# .###########..>##. .
#.......


You could see a gnoll bouda.

Vanquished Creatures
  7 gnolls
  4 adders
  A dart slug (D:3)
  5 orcs (D:3)
  7 ball pythons
  6 endoplasms
  2 giant cockroaches
  8 hobgoblins
  6 jackals
  5 quokkas
  7 bats
  7 goblins
  6 kobolds
  6 rats
77 creatures vanquished.

Vanquished Creatures (others)
  A gnoll (D:4)
1 creature vanquished.

Grand Total: 78 creatures vanquished

Notes
Turn   | Place    | Note
-------+----------+-------------------------------------------
     0 | D:5      | Kurtz the Mummy Delver began the quest for the Orb.
     0 | D:5      | Reached XP level 1. HP: 18/18 MP: 1/1
   386 | D:2      | Found a faded altar of an unknown god.
   475 | D:2      | Reached XP level 2. HP: 20/24 MP: 2/2
   495 | D:2      | Reached XP level 3. HP: 10/29 MP: 3/3
  1661 | D:2      | Found an opulent altar of Gozag.
  1792 | D:2      | Reached XP level 4. HP: 31/35 MP: 4/4
  2484 | D:2      | Became a worshipper of Gozag Ym Sagoz the Greedy
  3635 | D:3      | Reached XP level 5. HP: 37/41 MP: 5/5
  4298 | D:3      | Found an ancient bone altar of Kikubaaqudgha.
  4818 | D:4      | HP: 2/41 [gnoll bouda/+0 club (7)]
  4823 | D:4      | HP: 2/41 [gnoll bouda/+0 club (1)]
  4824 | D:4      | Slain by a gnoll bouda

Illustrated notes

Levels and vault maps discovered:
D:1:      dpeg_arrival_erosion, layout_loops_corners
D:2:      layout_loops_corners, hellmonk_ecumenical_altar_inner_sanctum,
          basic_altar, minmay_vboxes
D:3:      layout_basic, lemuel_round_altar, minmay_fractal_squares_diagonal_5
D:4:      layout_gridville
D:5:      layout_basic, minmay_temple_entry_large_hall,
          kennysheep_generic_room_15

Skill      XL: |  1  2  3  4 |
---------------+-------------+-----
Axes           | 2 3 4 |  4.8
Fighting       | |  3.0
Dodging        | |  1.5
Stealth        | |  4.1

Action                     |  1- 3 |  4- 6 || total
---------------------------+-------+-------++-------
  Melee: Hand axe          |   127 |   189 ||   316
         Punch             |       |     4 ||     4
  Throw: Dart              |       |     2 ||     2
    Use: Scroll            |       |     1 ||     1
   Stab: Sleeping          |    11 |     4 ||    15
 Armour: Leather armour    |    82 |    59 ||   141
         Ring mail         |       |    63 ||    63
  Dodge: Dodged            |    76 |   103 ||   179
  Block: Other             |       |    29 ||    29
         Reflection        |       |     1 ||     1

Table legend: (Time is in decaauts)
 A = Elapsed time spent in this place.
 B = Non-inter-level travel time spent in this place.
 C = Inter-level travel time spent in this place.
 D = Time resting spent in this place.
 E = Time spent auto-exploring this place.
 F = Levels seen in this place.
 G = Mean time per level.
                   A        B        C        D        E       F      G
               +--------+--------+--------+--------+--------+-----+--------+
         Total |   4866 |   4575 |    291 |    944 |   2391 |   5 |  973.2 |
       Dungeon |   4866 |   4575 |    291 |    944 |   2391 |   5 |  973.2 |
               +--------+--------+--------+--------+--------+-----+--------+

Top non-repeatable levels by time:
     D:2: 2325 daAuts
     D:3: 1190 daAuts
     D:1: 1051 daAuts
     D:4: 217 daAuts
     D:5: 81 daAuts
